 Dungeon Crawl Stone Soup version 0.28.0 (webtiles) character file.

Game seed: 141039855470343147

36 Gabide the Grave Robber (level 3, -1/25 HPs)
             Began as a Mummy Necromancer on Feb 9, 2022.
             Slain by Sigmund (4 damage)
             ... on level 2 of the Dungeon.
             The game lasted 00:04:10 (1940 turns).

Gabide the Grave Robber (Mummy Necromancer)         Turns: 1940, Time: 00:04:11

Health: -1/25      AC:  3    Str: 11    XL:     3   Next: 19%
Magic:  0/7        EV: 12    Int: 16    God:
Gold:   62         SH:  0    Dex: 12    Spells: 7/8 levels left

rFire   x . .      SeeInvis .   (no weapon)
rCold   + . .      Faith    .   (no shield)
rNeg    + + +      Spirit   .   a - +0 robe
rPois   ∞          Reflect  .   (no helmet)
rElec   .          Harm     .   (no cloak)
rCorr   .          Rampage  .   b - +0 pair of gloves
Will    .....                   (no boots)
Stlth   ++........              (no amulet)
HPRegen 0.08/turn               (no ring)
MPRegen 0.10/turn               (no ring)

@: no status effects
A: cold resistance 1, negative energy resistance 3, torment resistance 2, heat
vulnerability 1, no potions
a: no special abilities


You were on level 2 of the Dungeon.
You visited 1 branch of the dungeon, and saw 2 of its levels.

You collected 62 gold pieces.

Inventory:

Armour
 a - a +0 robe (worn)
 b - a +0 pair of gloves (worn)


   Skills:
 * Level 0.8 Fighting
 * Level 2.0 Dodging
 + Level 1.5 Stealth
 + Level 3.3 Spellcasting
 + Level 4.4 Necromancy


You had 7 spell levels left.
You knew the following spells:

 Your Spells              Type           Power      Damage    Failure   Level
a - Pain                  Necr           64%        1d7       3%          1

Your spell library contained the following spells:

 Spells                   Type           Power      Damage    Failure   Level
 Animate Skeleton         Necr           32%        N/A       3%          1
 Vampiric Draining        Necr           16%        2d7       9%          3
 Animate Dead             Necr           8%         N/A       30%         4
 Agony                    Necr           16%        N/A       63%         5


Dungeon Overview and Level Annotations

Branches:
Dungeon (2/15)

Altars:

Annotations:
D:2 Sigmund


Innate Abilities, Weirdness & Mutations

You are immune to poison.
Your flesh is cold resistant. (rC+)
You are immune to negative energy. (rN+++)
You are immune to unholy pain and torment.
You are vulnerable to heat. (rF-)
You do not drink.


Message History

Sigmund is nearby!
Sigmund is nearby!
As you read the scroll labelled WIPIUSS EMOI, it crumbles to dust.
You speak a Word of immense power!
You are blasted by holy energy!
It was a scroll of holy word.
A giant cockroach comes into view.
There is a stone staircase leading up here.
Sigmund screams, "You will never...
NEVER!!!"
You climb upwards.
There is a stone staircase leading down here.
You start resting.
You start resting.
HP restored.
You climb downwards.
Level annotation: Sigmund
There is a stone staircase leading up here.
Sigmund writhes in agony.
Sigmund says, "Your kind have come here before.
I understand now why.
You desire death..."
Sigmund writhes in agony.
Sigmund hits you from afar with a +0 scythe.
Sigmund writhes in agony.
Sigmund hits you but does no damage.
Sigmund writhes in agony.
Sigmund writhes in agony.
Sigmund barely misses you.
Sigmund barely resists.
Sigmund gestures wildly while chanting.
Sigmund flickers and vanishes!
Deactivating autopickup; reactivate with Ctrl-A.
Aiming: Pain (safe; 3% risk of failure)
Press: ? - help, Q - select action Shift-Dir - straight line Something writhes in agony.
You hear some strange, mumbled words.
A puff of flame appears from out of thin air!
The puff of flame hits you! The fire burns you terribly!
You don't have enough magic to cast this spell.
You hear some strange, mumbled words.
A puff of flame appears from out of thin air!
The puff of flame hits you. The fire burns you terribly!
* * * LOW HITPOINT WARNING * * *
Something hits you.
You die...

.. @.. ###.##... .
#....@.. .. #......# ...
#......########.... ##
..#.....##..............
...............## ...#
..........###...## ...#
.......#..# ##{@.#...#
..........# #.#<..#.#
..#....#... #..#....##
...###.....####.#.......
.#. #..................
# #.#......#...##....
..........##.# ####
.....##..##.# ....
#..##.#


There were no monsters in sight!

Vanquished Creatures
  2 dart slugs (D:1)
  3 ball pythons (D:1)
  3 bats
  2 endoplasms
  A giant cockroach (D:2)
  4 goblins (D:1)
  2 hobgoblins (D:1)
  3 quokkas
  5 frilled lizards
  3 kobolds (D:1)
  A rat (D:1)
29 creatures vanquished.

Notes
Turn   | Place    | Note
-------+----------+-------------------------------------------
     0 | D:1      | Gabide the Mummy Necromancer began the quest for the Orb.
     0 | D:1      | Reached XP level 1. HP: 13/13 MP: 4/4
     2 | D:1      | Noticed a felid
     4 | D:1      | Noticed an octopode
     6 | D:1      | Noticed a vine stalker
     8 | D:1      | Noticed an ogre
     8 | D:1      | Noticed a demonspawn
    10 | D:1      | Noticed a gargoyle
    12 | D:1      | Noticed a demigod
    12 | D:1      | Noticed a minotaur
    14 | D:1      | Noticed an elf
    14 | D:1      | Noticed a troll
    16 | D:1      | Noticed a ghoul
    16 | D:1      | Noticed a vampire
    18 | D:1      | Noticed a spriggan
    18 | D:1      | Noticed a formicid
    20 | D:1      | Noticed a tengu
    22 | D:1      | Noticed a human
    22 | D:1      | Noticed a merfolk
    24 | D:1      | Noticed a dwarf
    24 | D:1      | Noticed a naga
    26 | D:1      | Noticed a draconian
   393 | D:1      | Reached XP level 2. HP: 20/20 MP: 0/6
  1366 | D:1      | Reached XP level 3. HP: 25/25 MP: 4/7
  1792 | D:2      | Noticed Sigmund
  1940 | D:2      | Slain by Sigmund

Illustrated notes

Levels and vault maps discovered:
D:1:      kb_arrival_jail, layout_basic
D:2:      layout_rooms, hellmonk_ecumenical_altar_lost_god, uniq_sigmund,
          uniq_terence

Skill      XL: |  1  2 |
---------------+-------+-----
Spellcasting   | 3 |  3.3
Dodging        | 2 |  2.0
Fighting       | |  0.8
Stealth        | |  1.5
Necromancy     | |  4.4

Action                   || total
-------------------------++-------
Melee: Unarmed           ||     8
 Cast: Pain              ||    69
  Use: Scroll            ||     1
Armor: Robe              ||     5
Dodge: Dodged            ||    11
